 Dungeon Crawl Stone Soup version 0.29.0-4-gdea44cf6ec (webtiles) character file.

Game seed: 18240654962139381956

1501 qw the Cleaver (level 8, -3/48 HPs)
             Began as a Tengu Warper on Aug 28, 2022.
             Killed from afar by Maggie (21 damage)
             ... with a bolt of fire
             ... on level 6 of the Dungeon.
             The game lasted 00:00:32 (4971 turns).

qw the Cleaver (Tengu Warper)                       Turns: 4971, Time: 00:00:33

Health: -3/48      AC: 10    Str: 14    XL:     8   Next: 81%
Magic:  12/12      EV: 17    Int: 13    God:
Gold:   138        SH:  0    Dex: 20    Spells: 11/11 levels left

rFire   . . .      SeeInvis .   Y - +1 hand axe (vorpal)
rCold   . . .      Faith    .   (no shield)
rNeg    . . .      Spirit   .   b - +2 scale mail {rPois}
rPois   +          Reflect  .   (helmet restricted)
rElec   .          Harm     .   (no cloak)
rCorr   .          Rampage  .   c - +0 pair of gloves
Will    .....                   (boots unavailable)
Stlth   ..........              d - amulet of regeneration
HPRegen 0.96/turn               k - +4 ring of evasion
MPRegen 0.13/turn               s - +6 ring of dexterity

@: flying quickly and evasively, mesmerised, quick
A: beak, talons 3, nimble flight
a: no special abilities


You were on level 6 of the Dungeon.
You visited 1 branch of the dungeon, and saw 6 of its levels.

You collected 320 gold pieces.
You spent 182 gold pieces at shops.


Innate Abilities, Weirdness & Mutations

You have a beak for a mouth.
You have claws for feet.
Your magical nature lets you fly swiftly and evasively.


   Skills:
 - Level 4.3 Fighting
 + Level 9.6 Axes
 - Level 2.0 Throwing
 - Level 3.3 Armour
 - Level 4.3 Dodging
 - Level 2.0 Spellcasting
 - Level 2.4 Translocations


You had 11 spell levels left.
You didn't know any spells.
Your spell library contained the following spells:

 Spells                   Type           Power      Damage    Failure   Level
 Blink                    Tloc           14%        N/A       52%         2
 Gell's Gravitas          Tloc           7%         N/A       75%         3
 Lesser Beckoning         Tloc           7%         N/A       75%         3
 Teleport Other           Tloc           7%         N/A       75%         3
 Manifold Assault         Tloc           7%         N/A       100%        5

Inventory:

Hand Weapons
 g - a +0 flail
 Y - a +1 vorpal hand axe (weapon)
Missiles
 n - 4 boomerangs
 o - 3 javelins (quivered)
Armour
 b - a +2 scale mail of poison resistance (worn)
 c - a +0 pair of gloves (worn)
 m - a +0 chain mail
 q - a +2 scale mail of fire resistance
Jewellery
 d - an amulet of regeneration (around neck)
 k - a +4 ring of evasion (left hand)
 s - a +6 ring of dexterity (right hand)
Scrolls
 e - a scroll of identify
 j - a scroll of summoning {unknown}
 t - a scroll of vulnerability {unknown}
Potions
 a - a potion of cancellation
 f - 2 potions of haste
 h - a potion of might
 i - a potion of invisibility {unknown}
 l - a potion of flight {unknown}
 p - a potion of brilliance {unknown}
 r - a potion of lignification {unknown}

Dungeon Overview and Level Annotations

Branches:
Dungeon (6/15)
 Temple: D:4-7

Altars:
Fedhas
Hepliaklqana
Yredelemnul

Shops:
D:2 :   D:3 (=*(?

Annotations:
D:3 1 runed translucent door, Crazy Yiuf
D:6 Maggie


Message History

You kill the howler monkey!
You see here a howler monkey corpse.
Maggie the Vainglorious comes into view.
She is wielding a +0 halberd.
4960 ||| Stepping ~*~*~tactically~*~*~ (hiding).
A hound comes into view.
The hound barks!
Maggie hits you with a +0 halberd.
You hit Maggie but do no damage. Your peck misses Maggie. You hit the hound.
The hound closely misses you. Maggie completely misses you.
You hit the hound.
You kill the hound!
You hit Maggie but do no damage. Maggie barely misses you.
You hit Maggie. You claw Maggie, but do no damage. You peck Maggie.
Maggie is lightly wounded.
Maggie gestures wildly while chanting.
Maggie attempts to bespell you!
You are mesmerised by Maggie!
You completely miss Maggie.
Maggie is lightly wounded.
Maggie closely misses you.
You hit Maggie. You claw Maggie, but do no damage.
You peck Maggie, but do no damage.
Maggie is lightly wounded.
You completely miss Maggie. You peck Maggie, but do no damage.
Maggie is lightly wounded.
Maggie hits you with a +0 halberd.
You closely miss Maggie. You claw Maggie, but do no damage.
You peck Maggie, but do no damage.
Maggie is lightly wounded.
Maggie hits you with a +0 halberd.
You barely miss Maggie.
Maggie is lightly wounded.
Maggie casts a spell at you. The bolt of fire hits you!!
You closely miss Maggie. You claw Maggie.
Maggie is moderately wounded.
Maggie gestures at you while chanting. The bolt of fire hits you!!
You die...

#..........+
#####...#### .....
##..# ... ##.# ...
#.# ... #.# #'# ##
#.# ###.###...#
#.# #..@......#
#####.#### #.#@##
#........# #...(##
#.###.##.###.....#
#....%......##
####>#####.## #.#
### ..# ####


You could see Maggie (mesmerising).

Vanquished Creatures
  Sigmund (D:3)
  3 black bears
  A sky beast (D:6)
  2 centaurs
  Blork the orc (D:6)
  A necrophage (D:6)
  A scorpion (D:4)
  A howler monkey (D:6)
  4 hounds
  3 orc priests
  A jelly (D:5)
  Ijyb (D:5)
  Natasha (D:3)
  5 orc wizards
  7 adders
  2 ufetubi
  5 worms
  2 dart slugs (D:2)
  13 orcs
  6 ball pythons
  10 endoplasms
  2 giant cockroaches (D:1)
  2 goblins (D:1)
  8 hobgoblins
  4 jackals (D:1)
  5 kobolds
  5 quokkas
  3 bats (D:3)
  4 frilled lizards
  5 rats
109 creatures vanquished.

Vanquished Creatures (others)
  An orc wizard (D:5)
  An orc (D:5)
  4 plants (D:4)
6 creatures vanquished.

Grand Total: 115 creatures vanquished

Notes
Turn   | Place    | Note
-------+----------+-------------------------------------------
     0 | D:1      | qw the Tengu Warper began the quest for the Orb.
     0 | D:1      | Reached XP level 1. HP: 12/12 MP: 4/4
     0 | D:1      | 0 ||| qw: Version: 0.1-a-89-g26bdef1
     0 | D:1      | 0 ||| qw: Game counter: 2341
     0 | D:1      | 0 ||| qw: Always use a shield: true
     0 | D:1      | 0 ||| qw: God list: Okawaru
     0 | D:1      | 0 ||| qw: Allow faded altars: false
     0 | D:1      | 0 ||| qw: Do Orc after D:15 true
     0 | D:1      | 0 ||| qw: Do second Lair branch before Depths: true
     0 | D:1      | 0 ||| qw: Lair rune preference: random
     0 | D:1      | 0 ||| qw: Plans: Normal
     0 | D:1      | 0 ||| PLANNING D:1-11
   203 | D:1      | 203 ||| Stepping ~*~*~tactically~*~*~ (stealth).
   204 | D:1      | 204 ||| Stepping ~*~*~tactically~*~*~ (stealth).
   216 | D:1      | Reached skill level 3 in Axes
   216 | D:1      | Reached XP level 2. HP: 15/17 MP: 6/6
   225 | D:1      | 225 ||| Stepping ~*~*~tactically~*~*~ (stealth).
   370 | D:1      | Found a faded altar of an unknown god.
   416 | D:1      | HP: 3/17 [frozen (3)]
  1292 | D:1      | 1292 ||| UPGRADING to amulet of regeneration.
  1297 | D:1      | 1297 ||| READING scroll labelled AMASAYT YL URI.
  1298 | D:1      | 1298 ||| READING scroll labelled ZAG CEEFOQ.
  1299 | D:1      | 1299 ||| READING scroll labelled MUQODE ZENA.
  1300 | D:1      | 1300 ||| DROPPING scroll of blinking.
  1349 | D:2      | Reached XP level 3. HP: 21/21 MP: 7/7
  1468 | D:2      | 1468 ||| DROPPING +0 club.
  1534 | D:2      | 1534 ||| Stepping ~*~*~tactically~*~*~ (hiding).
  1542 | D:2      | Reached skill level 4 in Axes
  1772 | D:2      | Found Ykhyerph's Book Shoppe.
  1877 | D:2      | 1877 ||| Stepping ~*~*~tactically~*~*~ (stealth).
  1884 | D:2      | 1884 ||| Stepping ~*~*~tactically~*~*~ (hiding).
  1887 | D:2      | 1887 ||| Stepping ~*~*~tactically~*~*~ (hiding).
  2090 | D:2      | 2090 ||| UPGRADING to +0 chain mail.
  2100 | D:2      | 2100 ||| DROPPING +0 leather armour.
  2101 | D:2      | 2101 ||| READING 2 scrolls labelled BISMEW BIWN.
  2102 | D:2      | 2102 ||| READING scroll labelled KESCHA LACAD.
  2103 | D:2      | 2103 ||| READING scroll labelled YJEBED FURIT SIE.
  2113 | D:2      | 2113 ||| DRINKING 2 purple potions.
  2146 | D:3      | Found Keubomp's Jewellery Boutique.
  2154 | D:3      | 2154 ||| SHOPLISTING +4 ring of evasion (504 gold, have
                  | 129).
  2154 | D:3      | 2154 ||| SHOPLISTING +6 ring of dexterity (504 gold, have
                  | 129).
  2154 | D:3      | 2154 ||| SHOPLISTING ring of ice (350 gold, have 129).
  2154 | D:3      | 2154 ||| SHOPLISTING ring of protection from fire (350
                  | gold, have 129).
  2154 | D:3      | 2154 ||| SHOPLISTING ring of resist corrosion (280 gold,
                  | have 129).
  2154 | D:3      | 2154 ||| SHOPLISTING ring of see invisible (210 gold, have
                  | 129).
  2214 | D:3      | Reached XP level 4. HP: 21/26 MP: 8/8
  2215 | D:3      | Reached skill level 5 in Axes
  2215 | D:3      | 2215 ||| FLEEEEING.
  2216 | D:3      | 2216 ||| FLEEEEING.
  2401 | D:3      | Noticed Sigmund
  2415 | D:3      | HP: 6/26 [something/magic dart (2)]
  2417 | D:3      | Killed Sigmund
  2418 | D:3      | Reached skill level 6 in Axes
  2418 | D:3      | Gained mutation: Your magical nature lets you fly swiftly
                  | and evasively. [Tengu growth]
  2418 | D:3      | Reached XP level 5. HP: 7/30 MP: 9/9
  2418 | D:3      | Reached XP level 6. HP: 8/35 MP: 10/10
  2507 | D:3      | Noticed Natasha
  2511 | D:3      | Found Itiwoi's Assorted Antiques.
  2527 | D:3      | Killed Natasha
  2564 | D:3      | 2564 ||| BUYING glowing scale mail (182 gold).
  2564 | D:3      | Bought a glowing scale mail for 182 gold pieces
  2564 | D:3      | 2564 ||| SHOPLISTING scroll labelled JUGGOU NIANI (26 gold,
                  | have 22).
  2564 | D:3      | 2564 ||| SHOPLISTING scroll labelled URIUSU QOES (26 gold,
                  | have 22).
  2564 | D:3      | 2564 ||| SHOPLISTING scroll labelled USMAEMM OLLIA (26
                  | gold, have 22).
  2564 | D:3      | 2564 ||| SHOPLISTING scroll labelled YMUDUS ZIXKUTS (26
                  | gold, have 22).
  2564 | D:3      | 2564 ||| SHOPLISTING scroll labelled YROSOHUOTO (26 gold,
                  | have 22).
  2564 | D:3      | 2564 ||| SHOPLISTING scroll of identify (52 gold, have 22).
  2564 | D:3      | 2564 ||| SHOPLISTING sedimented inky potion (23 gold, have
                  | 22).
  2583 | D:3      | Found Limniuzydi's Weapon Shoppe.
  2624 | D:3      | Found Lopsiah's Magic Scroll Shop.
  2633 | D:3      | 2633 ||| SHOPLISTING scroll of identify (24 gold, have 22).
  2633 | D:3      | 2633 ||| SHOPLISTING scroll of teleportation (36 gold, have
                  | 22).
  2674 | D:3      | Noticed a black bear
  2685 | D:3      | Killed a black bear
  2686 | D:3      | Reached skill level 3 in Armour
  2888 | D:3      | Found Dili's Weapon Shoppe.
  2911 | D:3      | 2911 ||| Stepping ~*~*~tactically~*~*~ (stealth).
  2981 | D:3      | Found a runed translucent door.
  2982 | D:3      | Noticed Crazy Yiuf
  3108 | D:3      | 3108 ||| UPGRADING to +2 scale mail of poison resistance.
  3118 | D:3      | 3118 ||| READING scroll labelled JUGGOU NIANI.
  3119 | D:3      | 3119 ||| READING scroll labelled YMUDUS ZIXKUTS.
  3120 | D:3      | 3120 ||| READING 4 scrolls of identify.
  3120 | D:3      | 3120 ||| IDENTIFYING coppery potion
  3121 | D:3      | 3121 ||| READING 3 scrolls of identify.
  3121 | D:3      | 3121 ||| IDENTIFYING grey potion
  3122 | D:3      | 3122 ||| READING 2 scrolls of identify.
  3122 | D:3      | 3122 ||| IDENTIFYING clear potion
  3123 | D:3      | 3123 ||| DROPPING potion of attraction.
  3124 | D:3      | 3124 ||| DROPPING potion of magic.
  3161 | D:4      | Reached skill level 7 in Axes
  3235 | D:4      | 3235 ||| Stepping ~*~*~tactically~*~*~ (stealth).
  3237 | D:4      | 3237 ||| Stepping ~*~*~tactically~*~*~ (hiding).
  3255 | D:4      | Reached XP level 7. HP: 36/40 MP: 11/11
  3268 | D:4      | 3268 ||| Stepping ~*~*~tactically~*~*~ (stealth).
  3274 | D:4      | Reached skill level 3 in Fighting
  3313 | D:4      | 3313 ||| DROPPING +0 mace.
  3407 | D:4      | Found a hazy altar of Hepliaklqana.
  3783 | D:4      | 3783 ||| UPGRADING to +0 pair of gloves.
  3795 | D:5      | Entered Level 5 of the Dungeon
  3839 | D:5      | 3839 ||| Stepping ~*~*~tactically~*~*~ (hiding).
  3862 | D:5      | Reached skill level 8 in Axes
  4015 | D:5      | 4015 ||| Stepping ~*~*~tactically~*~*~ (stealth).
  4016 | D:5      | 4016 ||| Stepping ~*~*~tactically~*~*~ (stealth).
  4037 | D:5      | 4037 ||| Stepping ~*~*~tactically~*~*~ (hiding).
  4053 | D:5      | 4053 ||| FLEEEEING.
  4055 | D:5      | 4055 ||| FLEEEEING.
  4061 | D:5      | 4061 ||| FLEEEEING.
  4101 | D:5      | 4101 ||| Stepping ~*~*~tactically~*~*~ (stealth).
  4122 | D:5      | Found a basalt altar of Yredelemnul.
  4181 | D:5      | 4181 ||| Stepping ~*~*~tactically~*~*~ (hiding).
  4192 | D:5      | Reached XP level 8. HP: 46/48 MP: 12/12
  4317 | D:5      | Noticed Ijyb
  4335 | D:5      | Killed Ijyb
  4566 | D:5      | 4566 ||| UPGRADING to +4 ring of evasion.
  4567 | D:5      | 4567 ||| UPGRADING to +6 ring of dexterity.
  4568 | D:5      | 4568 ||| READING scroll labelled JOKHAO OTIRGH.
  4569 | D:5      | 4569 ||| READING 2 scrolls of identify.
  4569 | D:5      | 4569 ||| IDENTIFYING metallic amethyst potion
  4594 | D:6      | 4594 ||| STAIRDANCE
  4603 | D:5      | Reached skill level 3 in Dodging
  4661 | D:6      | Noticed Blork the orc
  4662 | D:6      | Reached skill level 9 in Axes
  4662 | D:6      | 4662 ||| Stepping ~*~*~tactically~*~*~ (hiding).
  4664 | D:6      | 4664 ||| Stepping ~*~*~tactically~*~*~ (hiding).
  4675 | D:6      | Killed Blork the orc
  4678 | D:6      | 4678 ||| FLEEEEING.
  4778 | D:6      | Found a blossoming altar of Fedhas.
  4779 | D:6      | 4779 ||| Stepping ~*~*~tactically~*~*~ (hiding).
  4959 | D:6      | Noticed Maggie
  4960 | D:6      | 4960 ||| Stepping ~*~*~tactically~*~*~ (hiding).
  4971 | D:6      | Killed from afar by Maggie

Levels and vault maps discovered:
D:1:      lordsloth_arrival_two_stooges, layout_basic,
          ebering_ecumenical_altar_box, palyth_stone_intersect,
          interstate_on_off
D:2:      layout_basic, serial_shops, nicolae_lakefront_shop, minivault_19
D:3:      layout_basic, serial_shops, nicolae_shop_crystal, shop_fountains,
          nicolae_shop_statue_plus, nicolae_shop_trees, nicolae_shop_crystal,
          uniq_natasha, uniq_crazy_yiuf_cottage, uniq_sigmund
D:4:      layout_loops_ring, mainiacjoe_overflow_chevrons
D:5:      layout_loops_ring, yredelemnul_altar_generic,
          minmay_misc_feat_encased, water_boxes_lemuel, uniq_ijyb
D:6:      layout_loops_corners, fedhas_bush_and_centaur_altar,
          minmay_temple_entry_proselytizer, ebering_ghost_rock_garden,
          hangedman_decor_growths, uniq_maggie, uniq_blork_the_orc, uniq_pikel

Skill      XL: |  1  2  3  4  5  6  7  8 |
---------------+-------------------------+-----
Axes           | 3 4 6 7 8 9 |  9.6
Armour         | 3 |  3.3
Fighting       | 3 4 |  4.3
Throwing       | 2 |  2.0
Dodging        | 4 |  4.3
Spellcasting   | |  2.0
Translocations | |  2.4

Action                   |  1- 3 |  4- 6 |  7- 9 || total
-------------------------+-------+-------+-------++-------
Melee: Hand axe          |    92 |    75 |   172 ||   339
       Kick              |    23 |    19 |    50 ||    92
       Peck              |    13 |    10 |    32 ||    55
       Unarmed           |       |    15 |       ||    15
       Punch             |       |     1 |     1 ||     2
Throw: Boomerang         |     7 |     4 |    10 ||    21
       Javelin           |       |       |    13 ||    13
  Use: Scroll            |     6 |     5 |     2 ||    13
       Potion            |     1 |       |       ||     1
Armor: Leather armour    |    10 |       |       ||    10
       Chain mail        |     5 |    23 |       ||    28
       Scale mail        |       |     7 |    57 ||    64
Dodge: Dodged            |    33 |    40 |   105 ||   178

Table legend:
 A = Non-vault XP
 B = Vault XP
 C = Vault XP percentage of total XP
 D = Non-vault monster count
 E = Vault monster count
 F = Vault count percentage of total count
                 A         B        C        D         E       F
            +---------+---------+-------+---------+---------+-------
      Total |    1661 |     484 |  22.6 |     105 |       5 |   4.5
            +---------+---------+-------+---------+---------+-------
        D:1 |      33 |       0 |   0.0 |      19 |       0 |   0.0
        D:2 |      31 |       0 |   0.0 |      14 |       0 |   0.0
        D:3 |     239 |     249 |  51.0 |      25 |       2 |   7.4
        D:4 |     421 |       0 |   0.0 |      20 |       0 |   0.0
        D:5 |     388 |      36 |   8.5 |      18 |       1 |   5.3
        D:6 |     549 |     199 |  26.6 |       9 |       2 |  18.2
            +---------+---------+-------+---------+---------+-------
